 Dungeon Crawl Stone Soup version 0.29.1-15-g9cfb28693d (webtiles) character file.

Game seed: 16885136740556530332

4124 Wiggles the Severer (level 10, -10/77 HPs)
             Began as a Minotaur Berserker on Mar 31, 2023.
             Was an Elder of Trog.
             Killed by vampiric draining
             ... invoked by a vampire
              (21 damage)
             ... on level 7 of the Dungeon.
             The game lasted 00:15:22 (7995 turns).

Wiggles the Severer (Minotaur Berserker)            Turns: 7995, Time: 00:15:22

Health: -10/77     AC: 12    Str: 33    XL:     10   Next: 6%
Magic:  9/9        EV: 10    Int:  4    God:    Trog [****..]
Gold:   385        SH:  0    Dex:  9    Spells: 9/9 levels left

rFire   . . .      SeeInvis .   D - +1 battleaxe (flame)
rCold   . . .      Faith    .   (shield currently unavailable)
rNeg    . . .      Spirit   .   g - +0 scale mail
rPois   .          Reflect  .   (helmet restricted)
rElec   .          Harm     .   a - +2 cloak
rCorr   .          Rampage  .   r - +2 pair of gloves
Will    .....                   (no boots)
Stlth   +.........              n - amulet of the acrobat
HPRegen 0.22/turn               e - +4 ring of slaying
MPRegen 0.11/turn               s - +6 ring of strength

@: on berserk cooldown, slowed, very slow
A: horns 2, retaliatory headbutt
a: Renounce Religion, Berserk, Trog's Hand, Brothers in Arms


You were on level 7 of the Dungeon.
You worshipped Trog.
Trog was greatly pleased with you.
You visited 1 branch of the dungeon, and saw 7 of its levels.
You also visited: Ossuary.

You collected 385 gold pieces.

Inventory:

Hand Weapons
 D - a +1 battleaxe of flaming (weapon)
Missiles
 f - 26 poisoned darts (quivered)
Armour
 a - a +2 cloak (worn)
 g - a +0 scale mail (worn)
 r - a +2 pair of gloves (worn)
Jewellery
 e - a +4 ring of slaying (left hand)
 k - an amulet of magic regeneration
 n - an amulet of the acrobat (around neck)
 o - a ring of positive energy
 s - a +6 ring of strength (right hand)
 y - a +6 ring of intelligence
Wands
 i - a wand of digging (5)
 m - a wand of polymorph (6)
 H - a wand of quicksilver (8)
Scrolls
 c - 2 scrolls of identify
 d - 3 scrolls of magic mapping
 u - 2 scrolls of fear
 w - 2 scrolls of torment
 x - 2 scrolls of blinking
Potions
 b - 8 potions of curing
 h - 3 potions of heal wounds
 j - 3 potions of lignification
 l - a potion of mutation {unknown}
 p - 3 potions of attraction
 q - 3 potions of invisibility
 v - 4 potions of brilliance
 z - a potion of berserk rage {unknown}
 A - 4 potions of haste
 B - 3 potions of flight
 C - 3 potions of resistance
 E - a potion of might {unknown}


   Skills:
 - Level 3.6 Fighting
 + Level 16.2 Axes
 + Level 1.7 Throwing
 - Level 2.4 Armour
 - Level 2.1 Dodging
 + Level 4.1 Stealth


You had 9 spell levels left.
You didn't know any spells.
Your spell library was empty.

Dungeon Overview and Level Annotations

Branches:
Dungeon (7/15)             Temple (0/1) D:5         Ossuary (visited)

Altars:
Cheibriados
Nemelex Xobeh
Okawaru
Wu Jian

Shops:
D:2 ?   D:3 [

Annotations:
D:6 1 runed translucent door, joebusybody's ghost, novice HOFi


Innate Abilities, Weirdness & Mutations

You have a pair of horns on your head.
You reflexively headbutt those who attack you in melee.


Message History

The troll is almost dead.
The troll bites you but does no damage. The troll claws you but does no damage.
The troll closely misses you.
You barely miss the troll.
The troll is almost dead.
The troll barely misses you. The troll claws you. x2
The vampire casts a spell.
The vampire flickers and vanishes!
Deactivating autopickup; reactivate with Ctrl-A.
You slash the troll! You burn the troll.
You kill the troll!
Trog accepts your kill.
A red film seems to cover your vision as you go berserk!
You feel yourself moving faster!
You feel mighty! Something hits you. Something bites you but does no damage.
You feel a strong urge to attack something.
Something barely misses you. Something bites you but does no damage.
You feel your anger nearly subside.
You are no longer berserk.
You are exhausted.
You feel yourself slow down. Something hits you.
Something bites you but does no damage.
Found a potion of heal wounds.
You hear some strange, mumbled words.
Something tries to affect you, but you resist.
Found a glowing rapier, a plate armour and an encrusted gold wand.
You slash something! You burn something. Your headbutt misses something.
Something hits you! Something bites you.
Something draws strength from your injuries!
Something hits you but does no damage. Something bites you.
Something draws strength from your injuries!
You closely miss something. Something hits you!
* * * LOW HITPOINT WARNING * * *
Something bites you!
* * * LOW HITPOINT WARNING * * *
Something draws strength from your injuries!
You slash something! You burn something. Your headbutt misses something.
Something hits you but does no damage. Something bites you but does no damage.
You fail to use your ability.
Something hits you but does no damage. Something bites you but does no damage.
Something draws life force from you!!
You die...

########### ..........#
########..# ..........#
################## ########..#
#![/#.....#.....#. ......##..#
#.).#.....#..)..#. ..........#
#.. #.)#..#..#..#.
......#...######'###..#..#..#..#.
..........+...>#@.....#.....#....
######....####.#......#.....#..).
.....#....####.##################
.....#...[...#...................
######.......#..................)
# #)).....#.################## #
#.......#.# #.....#....
######.......#.# #.....#....
.............#.# #..#..#..#.


There were no monsters in sight!

Vanquished Creatures
  Pikel (D:6)
  Maggie (D:6)
  A troll (D:7)
  Grinder (D:4)
  Prince Ribbit (D:7)
  Sigmund (D:4)
  2 water moccasins (D:7)
  An orc warrior (D:6)
  2 black bears (D:6)
  2 lemures (D:6)
  3 centaurs (D:7)
  A phantom (D:7)
  A kobold brigand (D:6)
  Blork the orc (D:5)
  A necrophage (D:6)
  2 bullfrogs
  4 scorpions
  3 wights (D:4)
  A killer bee (D:7)
  A howler monkey (D:7)
  3 hounds
  A jelly (D:5)
  Crazy Yiuf (D:4)
  A gnoll bouda (D:7)
  5 orc priests
  An iguana (D:7)
  8 orc wizards
  14 mummies (Ossuary)
  9 gnolls
  8 adders
  4 shadow imps
  An ufetubus (D:6)
  2 worms
  4 dart slugs
  27 orcs
  6 ball pythons
  5 bats
  9 endoplasms
  4 giant cockroaches
  7 hobgoblins
  3 jackals (D:1)
  4 quokkas
  A frilled lizard (D:1)
  2 gnoll skeletons (Ossuary)
  6 goblins
  A goblin skeleton (Ossuary)
  12 kobolds
  4 kobold skeletons (Ossuary)
  An orc skeleton (Ossuary)
  4 rats (D:1)
  11 rat skeletons (Ossuary)
200 creatures vanquished.

Vanquished Creatures (others)
  2 orcs (D:5)
2 creatures vanquished.

Grand Total: 202 creatures vanquished

Notes
Turn   | Place    | Note
-------+----------+-------------------------------------------
     0 | D:1      | Wiggles the Minotaur Berserker began the quest for the Orb.
     0 | D:1      | Reached XP level 1. HP: 19/19 MP: 0/0
   130 | D:1      | Reached skill level 4 in Axes
   179 | D:1      | Reached XP level 2. HP: 20/26 MP: 1/1
   955 | D:2      | Reached skill level 5 in Axes
   955 | D:2      | Reached XP level 3. HP: 31/31 MP: 2/2
   971 | D:2      | Found Yxoanatinn's Magic Scroll Boutique.
  1022 | D:2      | Found a faded altar of an unknown god.
  1124 | D:2      | Reached ** piety under Trog
  1668 | D:3      | Found Rimokhlept's Antique Armour Shop.
  1836 | D:3      | Reached XP level 4. HP: 38/39 MP: 3/3
  2030 | D:3      | Reached skill level 6 in Axes
  2165 | D:3      | Found an ornate altar of the Wu Jian Council.
  2496 | D:4      | Noticed Grinder
  2500 | D:4      | Paralysed by Grinder for 3 turns
  2504 | D:4      | Paralysed by Grinder for 2 turns
  2510 | D:4      | Killed Grinder
  2511 | D:4      | Reached skill level 7 in Axes
  2511 | D:4      | Reached skill level 1 in Stealth
  2511 | D:4      | Reached XP level 5. HP: 21/45 MP: 4/4
  2511 | D:4      | Reached XP level 6. HP: 23/51 MP: 5/5
  2517 | D:4      | Found a runed translucent door.
  2518 | D:4      | Noticed Crazy Yiuf
  2700 | D:4      | Noticed Sigmund
  2709 | D:4      | Killed Sigmund
  2710 | D:4      | Reached skill level 8 in Axes
  2760 | D:4      | Found a sand-covered staircase.
  2771 | Ossuary  | Entered an ossuary
  2852 | Ossuary  | Reached skill level 9 in Axes
  2916 | Ossuary  | Reached *** piety under Trog
  2923 | Ossuary  | Reached XP level 7. HP: 57/57 MP: 6/6
  3707 | D:4      | Reached skill level 10 in Axes
  3783 | D:4      | Reached skill level 11 in Axes
  3783 | D:4      | Reached XP level 8. HP: 47/64 MP: 7/7
  4328 | D:4      | Killed Crazy Yiuf
  4339 | D:4      | Identified the +7 hammer of Fate {protect, Contam rCorr
                  | Str+4}
  4394 | D:5      | Entered Level 5 of the Dungeon
  4474 | D:5      | Found a staircase to the Ecumenical Temple.
  4481 | D:5      | Noticed Blork the orc
  4488 | D:5      | Killed Blork the orc
  4488 | D:5      | Reached **** piety under Trog
  4888 | D:5      | Reached skill level 12 in Axes
  5019 | D:5      | Found a sparkling altar of Nemelex Xobeh.
  5803 | D:6      | Found a runed translucent door.
  5856 | D:6      | Noticed joebusybody's ghost (novice HOFi)
  5874 | D:6      | Noticed Pikel
  5882 | D:6      | Killed Pikel
  5883 | D:6      | Reached skill level 13 in Axes
  5883 | D:6      | Reached XP level 9. HP: 66/70 MP: 8/8
  6001 | D:6      | Found an iron altar of Okawaru.
  6010 | D:6      | Reached skill level 14 in Axes
  6420 | D:6      | Noticed Maggie
  6433 | D:6      | Killed Maggie
  6881 | D:7      | Found a snail-covered altar of Cheibriados.
  7014 | D:7      | Reached skill level 15 in Axes
  7014 | D:7      | Reached skill level 1 in Throwing
  7800 | D:7      | Noticed Prince Ribbit
  7829 | D:7      | Killed Prince Ribbit
  7939 | D:7      | Reached skill level 16 in Axes
  7960 | D:7      | Reached XP level 10. HP: 68/77 MP: 9/9
  7995 | D:7      | Killed from afar by a vampire

Illustrated notes

Levels and vault maps discovered:
D:1:      minmay_arrival_stair_chambers, layout_basic
D:2:      layout_loops_ring, serial_shops, nicolae_shop_behind_doors,
          shapermc_ecumenical_altar_mp_vishouse, amcnicky_mini_pool_small,
          minmay_liquid_box, minmay_misc_feat_room, minmay_crystal_room
D:3:      layout_loops_cross, pdpol_wu_jian_five_deadly_venoms, serial_shops,
          nicolae_shop_trees
D:4:      nicolae_cairo_tiling_very_big, layout_loops_corners,
          nicolae_ossuary_entry_monument, uniq_grinder, uniq_sigmund,
          uniq_crazy_yiuf_cottage
D:5:      layout_gridville, nicolae_overflow_hidden_temple,
          kennysheep_mini_moat, minmay_temple_entry_waves,
          lemuel_flamethrower_2, uniq_blork_the_orc
D:6:      layout_gridville, okawaru_metal_pillars_1_2, ebering_ghost_sewer_d,
          chequers_jeans, uniq_pikel, uniq_maggie
D:7:      kennysheep_windowed_halls, layout_basic, kennysheep_slug_shrine,
          minmay_misc_feat_roman, uniq_prince_ribbit1

Skill      XL: |  1  2  3  4  5  6  7  8  9 |
---------------+----------------------------+-----
Axes           | 4 5 7 9 11 13 16 | 16.2
Stealth        | 1 2 3 4 |  4.1
Throwing       | 1 |  1.7
Fighting       | |  3.6
Armour         | |  2.4
Dodging        | |  2.1

Action                   |  1- 3 |  4- 6 |  7- 9 | 10-12 || total
-------------------------+-------+-------+-------+-------++-------
Melee: Hand axe          |    68 |    45 |    83 |       ||   196
       Headbutt          |     3 |     8 |    34 |     1 ||    46
       Battleaxe         |       |       |   150 |     8 ||   158
Throw: Dart              |       |       |     8 |       ||     8
Invok: Berserk           |       |     1 |     5 |     1 ||     7
  Use: Scroll            |       |       |    21 |       ||    21
 Stab: Sleeping          |       |       |     1 |       ||     1
Armor: Animal skin       |     5 |       |       |       ||     5
       Ring mail         |       |     6 |    38 |       ||    44
       Scale mail        |       |       |    23 |    11 ||    34
Dodge: Dodged            |    56 |    19 |   157 |     9 ||   241
